Construct Section Command Post
Selects Indian Artillery Battlegroup
Selects Towed ML 4.2-inch Heavy Mortar
Towed ML 4.2-inch Heavy Mortar
Construct Platoon Command Post
Selects Gurkha Rifles Section
6-pounder Anti-tank Gun Team
Selects Volunteer Infantry
Construct Company Command Post
Selects Off-map Airburst Barrage
Selects Perimeter Monitor
Unlock M3 Grant Medium Tanks
Construct Field Infirmary
Construct Field Infirmary